 Dungeon Crawl Stone Soup version 0.30-a0-718-geaa24f58ff (webtiles) character file.

Game seed: 2897560452042077654

4683 Darius099 the Grappler (level 10, -11/102 HPs)
             Began as a Troll Monk on Jan 25, 2023.
             Killed by the air
             ... invoked by Gastronok
              (35 damage)
             ... on level 9 of the Dungeon.
             The game lasted 00:21:06 (6724 turns).

Darius099 the Grappler (Troll Monk)                 Turns: 6724, Time: 00:21:06

Health: -11/102    AC:  5    Str: 21    XL:     10   Next: 21%
Magic:  9/9        EV: 16    Int:  6    God:
Gold:   556        SH:  5    Dex: 28    Spells: 9/9 levels left

rFire   . . .      SeeInvis .      - Unarmed
rCold   . . .      Faith    .    (no shield)
rNeg    . . .      Spirit   .    a - +0 robe
rPois   .          Reflect  +    (helmet restricted)
rElec   .          Harm     .    t - +0 cloak
rCorr   .          Rampage  .    (gloves unavailable)
Will    .....                    (boots unavailable)
Stlth   ++                       J - amulet of reflection
HPRegen 1.17/turn                n - +6 ring of dexterity
MPRegen 0.11/turn                I - +6 ring of dexterity

@: mighty, slowed, very slow
A: large, unfitting armour, claws 3, regeneration 1, shaggy fur 1, tough skin 1
a: no special abilities


You were on level 9 of the Dungeon.
You visited 2 branches of the dungeon, and saw 10 of its levels.
You also visited: Ossuary.

You collected 556 gold pieces.

Inventory:

Hand Weapons
 r - the +6 whip "Qufuo" {venom, Will+ MP+9 Dex+4 SInv}
   (You found it on level 4 of the Dungeon)

   Dex:       It affects your dexterity (+4).
   MP:        It affects your magic capacity (+9).
   SInv:      It lets you see invisible.
   Will:      It increases your willpower.
Missiles
 F - 2 large rocks (quivered)
Armour
 a - a +0 robe (worn)
 t - a +0 cloak (worn)
Jewellery
 i - a ring of fire
 n - a +6 ring of dexterity (left claw)
 p - a ring of willpower
 z - a ring of flight
 I - a +6 ring of dexterity (right claw)
 J - an amulet of reflection (around neck)
Wands
 d - a wand of light (5)
 E - a wand of polymorph (4)
Scrolls
 c - 7 scrolls of teleportation {unknown}
 h - a scroll of blinking {unknown}
 k - 5 scrolls of enchant armour
 m - 3 scrolls of noise {unknown}
 s - 5 scrolls of fog {unknown}
 u - 2 scrolls of enchant weapon {unknown}
 v - a scroll of fear {unknown}
 w - 2 scrolls of vulnerability {unknown}
 A - a scroll of amnesia {unknown}
 C - 2 scrolls of immolation {unknown}
 D - a scroll of silence {unknown}
 H - 2 scrolls of torment {unknown}
Potions
 b - 2 potions of ambrosia
 e - 7 potions of curing
 f - 4 potions of brilliance
 g - a potion of might
 j - 3 potions of heal wounds
 l - 4 potions of lignification {unknown}
 o - 4 potions of attraction
 q - a potion of haste {unknown}
 x - 2 potions of berserk rage
 B - a potion of flight {unknown}
 G - a potion of mutation {unknown}


   Skills:
 + Level 7.3 Fighting
 + Level 7.3 Dodging
 - Level 1.0 Stealth
 - Level 10.1 Unarmed Combat


You had 9 spell levels left.
You didn't know any spells.
Your spell library contained the following spells:

 Spells                   Type           Power      Damage    Failure   Level
 Apportation              Tloc           0%         N/A       45%         1
 Magic Dart               Conj           0%         1d3       45%         1
 Call Imp                 Summ           0%         N/A       58%         2
 Searing Ray              Conj           0%         2d4       58%         2
 Inner Flame              Hex/Fire       0%         N/A       83%         3
 Mephitic Cloud           Conj/Pois/Air  0%         N/A       83%         3
 Ozocubu's Armour         Ice            0%         N/A       83%         3
 Flame Wave               Conj/Fire      0%         2d4       99%         4
 Fulminant Prism          Conj/Hex       0%         3d5       99%         4
 Sticky Flame             Conj/Fire      0%         2d3       99%         4
 Alistair's Intoxication  Tmut/Pois      0%         N/A       100%        5
 Metabolic Englaciation   Hex/Ice        0%         N/A       100%        5
 Simulacrum               Ice/Necr       0%         N/A       100%        6


Dungeon Overview and Level Annotations

Branches:
Dungeon (9/15)             Temple (1/1) D:5            Lair (0/5) D:8
Ossuary (visited)
    Orc: D:9-12

Altars:
Ashenzari
Cheibriados
Dithmenos
Elyvilon
Fedhas
Gozag
Hepliaklqana
Kikubaaqudgha
Makhleb
Nemelex Xobeh
Okawaru
Ru
Uskayaw
Vehumet
Wu Jian
Xom
Yredelemnul
Zin
The Shining One

Annotations:
D:8 2 transporters
D:9 Gastronok


Innate Abilities, Weirdness & Mutations

You are too large for most types of armour.
You have claws for hands.
Your natural rate of healing is unusually fast.
You are covered in fur. (AC +1)
You have tough skin. (AC +1)


Message History

You claw Gastronok! x2
Gastronok is heavily wounded.
The rat barely misses you. The river rat completely misses you.
The river rat closely misses you. The rat barely misses you.
Gastronok bites you!!
You claw Gastronok!
Gastronok is heavily wounded.
You block the rat's attack. The river rat misses you.
You scratch Gastronok but do no damage.
Gastronok is heavily wounded.
The rat closely misses you. The river rat barely misses you.
Gastronok gurgles, "Slow down, so I can eat you."
Gastronok bites you!!
* * * LOW HITPOINT WARNING * * *
You feel much better. You block the rat's attack.
The river rat barely misses you. You block the river rat's attack.
The rat closely misses you.
You feel very mighty all of a sudden. You block Gastronok's attack.
The rat bites you. The river rat barely misses you.
You claw Gastronok!
Gastronok is heavily wounded.
The rat bites you but does no damage. You block the river rat's attack.
Gastronok barely misses you.
You claw Gastronok!
Gastronok is severely wounded.
The rat bites you but does no damage. The river rat bites you!
You mangle Gastronok!!
Gastronok is severely wounded.
The rat closely misses you. The river rat barely misses you.
Gastronok bites you!
* * * LOW HITPOINT WARNING * * *
The river rat completely misses you. The rat bites you.
* * * LOW HITPOINT WARNING * * *
You claw Gastronok! x2
Gastronok is almost dead.
The rat misses you. The river rat completely misses you.
Gastronok waves his eye-stalks in wide circles.
The air twists around and strikes you!!
You die...

### #######.##
#.....r.<######.
.##w@...)......
#.#r..#.####.
#../.##.# #.##.#
# #. #.# .. ...
#.. #### #..


You could see Gastronok (swift), a river rat (summoned) and a rat (summoned).

Vanquished Creatures
  A two-headed ogre (D:8)
  A troll (D:7)
  Grinder (D:6)
  A wyvern (D:8)
  An acid dragon (D:8)
  4 water moccasins
  A black bear (D:5)
  4 orc warriors
  2 ogres
  A centaur (D:8)
  A phantom (D:5)
  2 bullfrogs (D:7)
  A necrophage (D:6)
  A gnoll sergeant (D:8)
  A water moccasin zombie (Ossuary)
  4 scorpions
  A wyvern zombie (Ossuary)
  4 wights (D:6)
  2 centaur zombies (Ossuary)
  2 hounds
  3 orc priests
  A bullfrog zombie (Ossuary)
  A jelly (D:1)
  An iguana (D:5)
  Natasha (D:3)
  7 orc wizards
  Terence (D:3)
  A killer bee zombie (Ossuary)
  4 howler monkey zombies (Ossuary)
  20 mummies (Ossuary)
  7 adders
  11 gnolls
  2 shadow imps (D:8)
  A white imp (D:6)
  2 ufetubi (D:4)
  3 worms
  4 dart slugs
  41 orcs
  4 ball pythons
  5 bats
  13 endoplasms
  6 giant cockroaches (D:1)
  10 goblins
  14 hobgoblins
  10 jackals
  6 quokkas
  3 frilled lizards
  7 kobolds
  10 rats
235 creatures vanquished.

Notes
Turn   | Place    | Note
-------+----------+-------------------------------------------
     0 | D:1      | Darius099 the Troll Monk began the quest for the Orb.
     0 | D:1      | Reached XP level 1. HP: 22/22 MP: 0/0
     0 | D:1      | Noticed a jelly
     1 | D:1      | Found a runed translucent door.
   116 | D:1      | Reached XP level 2. HP: 29/29 MP: 1/1
   239 | D:1      | Reached skill level 4 in Unarmed Combat
   355 | D:1      | Reached XP level 3. HP: 36/36 MP: 2/2
   661 | D:1      | Reached XP level 4. HP: 32/44 MP: 3/3
   665 | D:1      | Reached skill level 5 in Unarmed Combat
   720 | D:2      | Found a shimmering altar of Xom.
   978 | D:2      | Reached XP level 5. HP: 48/50 MP: 4/4
  1084 | D:2      | Reached skill level 6 in Unarmed Combat
  1407 | D:3      | Noticed Terence
  1410 | D:3      | Killed Terence
  1556 | D:3      | Noticed an orc warrior
  1562 | D:3      | Reached XP level 6. HP: 49/59 MP: 5/5
  1599 | D:3      | Reached skill level 7 in Unarmed Combat
  1610 | D:3      | Killed an orc warrior
  1910 | D:3      | Noticed Natasha
  1917 | D:3      | Killed Natasha
  2034 | D:4      | Identified the +6 whip "Qufuo" {venom, Will+ MP+9 Dex+4
                  | SInv}
  2302 | D:4      | Reached skill level 8 in Unarmed Combat
  2304 | D:4      | Reached XP level 7. HP: 54/66 MP: 6/6
  3043 | D:5      | Entered Level 5 of the Dungeon
  3065 | D:5      | Found a snail-covered altar of Cheibriados.
  3065 | D:5      | Found an ornate altar of the Wu Jian Council.
  3182 | D:5      | Reached skill level 9 in Unarmed Combat
  3312 | D:5      | Identified the +6 war axe "Bupemer" {distort, rElec MP+9
                  | Str+4}
  3356 | D:5      | Found a staircase to the Ecumenical Temple.
  3386 | D:5      | Reached XP level 8. HP: 62/74 MP: 7/7
  3439 | D:5      | Reached skill level 10 in Unarmed Combat
  3451 | Temple   | Entered the Ecumenical Temple
  4006 | D:6      | Found a sand-covered staircase.
  4215 | Ossuary  | Entered an ossuary
  4649 | D:6      | Reached XP level 9. HP: 82/84 MP: 8/8
  4759 | D:6      | Found a basalt altar of Yredelemnul.
  4819 | D:6      | Found a glowing golden altar of the Shining One.
  4866 | D:6      | Reached skill level 5 in Fighting
  4866 | D:6      | Reached skill level 5 in Dodging
  4974 | D:6      | Noticed Grinder
  4979 | D:6      | Killed Grinder
  5187 | D:7      | Noticed a troll
  5227 | D:7      | Killed a troll
  5610 | D:7      | Found a glowing silver altar of Zin.
  5613 | D:7      | Found a sacrificial altar of Ru.
  5971 | D:8      | Found a blossoming altar of Fedhas.
  6011 | D:8      | Noticed a two-headed ogre
  6011 | D:8      | Identified the +4 war axe of a volcano {protect, Str+3}
  6043 | D:8      | Found a staircase to the Lair.
  6118 | D:8      | Found a radiant altar of Vehumet.
  6193 | D:8      | Reached XP level 10. HP: 100/100 MP: 9/9
  6237 | D:8      | Killed a two-headed ogre
  6278 | D:8      | Found a transporter.
  6292 | D:8      | Found a transporter.
  6311 | D:8      | Found a transporter.
  6396 | D:8      | Found a transporter.
  6552 | D:8      | Found a burning altar of Makhleb.
  6706 | D:9      | Noticed Gastronok
  6724 | D:9      | Killed from afar by Gastronok

Illustrated notes

Levels and vault maps discovered:
D:1:      dpeg_arrival_caged_fury, layout_loops_ring
D:2:      layout_basic, basic_altar, guppyfry_early_orc_mine
D:3:      layout_basic, uniq_terence, uniq_natasha
D:4:      layout_gridville, serial_co_window_serial, co_window_paths_a,
          co_window_paths_b, co_window_paths_b, co_window_paths_a,
          co_window_paths_b, co_window_corner_b, co_window_corner_b,
          co_window_paths_c, co_window_paths_c, co_window_sun,
          co_window_paths_d, glass_columns_c, glass_columns_b, glass_columns_a,
          glass_columns_b, glass_columns_a
D:5:      layout_loops_ring, jmf_multi_god_temple,
          minmay_temple_entry_sparse_star, minmay_misc_feat_room
D:6:      layout_basic, amcnicky_altar_gilded, lemuel_doored_altar,
          enter_ossuary_1, uniq_grinder
D:7:      layout_basic, minitemple, grunt_ministairs_9
D:8:      layout_rooms, nicolae_vehumet_altar_sigil, kennysheep_mini_moat,
          makhleb_grotto_becter, lair_entry_dummy,
          nicolae_transporter_intersection
D:9:      layout_loops_cross, lemuel_round_altar, serial_shops, shop_coins,
          st_stairs_9, uniq_erolcha, uniq_gastronok
Temple:   hellmonk_temple_rainy

Skill      XL: |  1  2  3  4  5  6  7  8  9 10 |
---------------+-------------------------------+-----
Unarmed Combat | 4 5 6 8 9 10 | 10.1
Fighting       | 4 6 7 |  7.3
Dodging        | 4 6 7 |  7.3
Stealth        | |  1.0

Action                     |  1- 3 |  4- 6 |  7- 9 | 10-12 || total
---------------------------+-------+-------+-------+-------++-------
  Melee: Unarmed           |    58 |   205 |   330 |    15 ||   608
         Punch             |     1 |     7 |    12 |     3 ||    23
    Use: Scroll            |       |       |     8 |       ||     8
         Potion            |       |       |       |     2 ||     2
   Stab: Sleeping          |     4 |     4 |     7 |     1 ||    16
         Distracted        |       |     1 |     1 |       ||     2
 Armour: Robe              |    14 |    75 |    48 |     2 ||   139
  Dodge: Dodged            |    22 |   115 |   161 |    21 ||   319
  Block: Other             |       |       |       |     7 ||     7

Table legend: (Time is in decaauts)
 A = Elapsed time spent in this place.
 B = Non-inter-level travel time spent in this place.
 C = Inter-level travel time spent in this place.
 D = Time resting spent in this place.
 E = Time spent auto-exploring this place.
 F = Levels seen in this place.
 G = Mean time per level.
                   A        B        C        D        E       F      G
               +--------+--------+--------+--------+--------+-----+--------+
         Total |   6635 |   6306 |    329 |    489 |   3807 |  11 |  603.2 |
       Dungeon |   6242 |   5913 |    329 |    489 |   3712 |   9 |  693.6 |
        Temple |     49 |     49 |      0 |      0 |      9 |   1 |   49.0 |
       Ossuary |    343 |    343 |      0 |      0 |     86 |   1 |  343.0 |
               +--------+--------+--------+--------+--------+-----+--------+

Top non-repeatable levels by time:
     D:4: 1090 daAuts
     D:8: 890 daAuts
     D:5: 881 daAuts
     D:6: 858 daAuts
     D:1: 694 daAuts
     D:2: 650 daAuts
     D:7: 584 daAuts
     D:3: 571 daAuts
 Ossuary: 343 daAuts
  Temple: 49 daAuts
     D:9: 21 daAuts
